[Event "*** MasterClass Titled Tuesday Blitz"]
[Site "Chess.com"]
[Date "2017.11.07"]
[Round "4"]
[White "Bad4life"]
[Black "hansen"]
[Result "0-1"]
[WhiteElo "2394"]
[BlackElo "2565"]
[TimeControl "180+2"]
[EndTime "15:01:31 PST"]
[Termination "hansen won by resignation"]

1. e4 c5 2. Nf3 e6 3. b3 d6 4. Bb2 e5 5. c3 Nf6 6. Bb5+ Nbd7 7.
Qe2 a6 8. Bc4 b5 9. Bd5 Nxd5 10.
exd5 Be7 11. d4 cxd4 12. cxd4 e4 13. Nfd2 f5 14. Nc3 Nf6 15. f3 b4 16. Na4 exf3 17.
Nxf3 Nxd5 18. O-O-O O-O 19. Rhe1 Bf6 20. Kb1 Qd7 21.
h4 h6 22. Rc1 Bb7 23. Qd2 Rac8 24. g3 Nc3+ 25. Bxc3 bxc3 26. Qf2 Be4+ 27. Ka1 c2 28. Nb2 Qa7 29. Re3 Bxd4 30. Nxd4 Qxd4 31. h5 d5 32. Qe2 a5 33. a3 Rc3 34. Rxc3 Qxc3 35. Ka2 Rb8 36. Qa6 0-1

[Event "*** MasterClass Titled Tuesday Blitz"]
[Site "Chess.com"]
[Date "2017.11.07"]
[Round "4"]
[White "Margency"]
[Black "nubair1198"]
[Result "0-1"]
[WhiteElo "2516"]
[BlackElo "2543"]
[TimeControl "180+2"]
[EndTime "15:01:35 PST"]
[Termination "nubair1198 won by resignation"]

1. e4 c6 2. d4 d5 3. exd5 cxd5 4. c4 Nf6 5. Nc3 Nc6 6. Bg5 e6 7. Nf3 Be7 8. Bd3 dxc4 9. Bxc4 O-O 10. O-O b6 11. a3 Bb7 12. Qd3 Rc8 13. Rad1 Qd6 14. Ba2 Rfd8 15. Bb1 g6 16. Ba2 Nh5 17. d5 Bxg5 18.
Nxg5 Ne5 19. Qe3 Ng4 20. Qh3 Qf4 21. dxe6 Qxg5 22. exf7+ Kg7 23. Ne2 Rxd1 24. Rxd1 Ne5 25. Ng3 Nf4 26. f8=Q+ Rxf8 27. Rd7+ Nf7 28. Nh5+ gxh5 29.
Qc3+ Kh6 30. Kf1 Qxg2+ 31. Ke1 Re8+ 32. Kd1 Qf1+ 33. Kc2 Qxf2+ 34. Kb3 Bd5+ 35. Ka4 Re4+ 36. b4 Qxa2 37. Qf6+ Ng6 38. h4 Qb3+ 39. Kb5 Qc4+ 40. Ka4 Bc6+ 41. Qxc6 Qxc6+ 42. Kb3 Qxd7 0-1

[Event "*** MasterClass Titled Tuesday Blitz"]
[Site "Chess.com"]
[Date "2017.11.07"]
[Round "4"]
[White "Msb2"]
[Black "Taron_Shagbazyan"]
[Result "1-0"]
[WhiteElo "2644"]
[BlackElo "2558"]
[TimeControl "180+2"]
[EndTime "15:01:37 PST"]
[Termination "Msb2 won by resignation"]

1. d4 d5 2. c4 c6 3. Nf3 Nf6 4. e3 e6 5. Bd3 Bd6 6. Nc3 O-O 7. O-O Nbd7 8. e4 dxc4 9. Bxc4 e5 10. Bg5 h6 11.
Bh4 Qc7 12. Rc1 exd4 13. Qxd4 Bc5 14. Qd2 Re8 15. Bb3 Qa5 16. e5 Nh7 17. Qf4 Rf8 18. Ne4 Kh8 19. Rcd1 Nb6 20. Nd6 Bxd6 21. Rxd6 Be6 22.
Bxe6 fxe6 23. Qg4 Qxa2 24. Rxe6 Nd5 25. Rg6 Rg8 26. e6 Ndf6 27. Bxf6 Nxf6 28. Rxf6 gxf6 29. Qf4 Rg7 30. Qxh6+ Kg8 31. Qxf6 Re8 32. Ng5 Qd5 33. h4 Rxg5 34. Qxg5+ Qxg5 35. hxg5 Rxe6 36. f4 a5 37. f5 Re5 38. Rf4 a4 39. g4 b5 40. Rd4 c5 41.
Rd8+ Kf7 42. Rd7+ Ke8 43. Rb7 b4 44. Kf2 Re4 45. Kf3 Rd4 46. g6 1-0

[Event "*** MasterClass Titled Tuesday Blitz"]
[Site "Chess.com"]
[Date "2017.11.07"]
[Round "4"]
[White "chito89"]
[Black "GrigorGrigorov"]
[Result "1-0"]
[WhiteElo "2582"]
[BlackElo "2612"]
[TimeControl "180+2"]
[EndTime "15:01:37 PST"]
[Termination "chito89 won by resignation"]

1. e4 c5 2. Nf3 d6 3. d4 cxd4 4. Nxd4 Nf6 5. Nc3 a6 6. Bg5 e6 7.
Qd2 h6 8. Bxf6 Qxf6 9. O-O-O Nc6 10. Nxc6 bxc6 11. f4 Qd8 12. g4 Be7 13. h4 Qb6 14. g5 hxg5 15. fxg5 Rb8 16. b3 Qa5 17. Kb1 d5 18.
Rh3 e5 19. exd5 Bxh3 20. Bxh3 Rxh4 21. dxc6 Rd4 22. Qe3 Qc5 23. Rxd4 exd4 24. Qf4 Qd6 25. Qxd6 Bxd6 26. Nd5 Kd8 27. b4 Rb5 28. Bg2 Kc8 29.
a4 Rb8 30. Bf1 Bc7 31. Bxa6+ Kd8 32. b5 Ba5 33. Bb7 f5 34. gxf6 gxf6 35. b6 Bxb6 36. Nxb6 Kc7 37. Nd5+ Kd6 38. Nxf6 Rf8 39. Nd5 Rb8 40.
Kc1 1-0

[Event "*** MasterClass Titled Tuesday Blitz"]
[Site "Chess.com"]
[Date "2017.11.07"]
[Round "4"]
[White "FearNoEvil12"]
[Black "Po6Don"]
[Result "1-0"]
[WhiteElo "2021"]
[BlackElo "1962"]
[TimeControl "180+2"]
[EndTime "15:01:42 PST"]
[Termination "FearNoEvil12 won on time"]

1. e4 e5 2. d4 exd4 3. Bc4 Nf6 4.
Nf3 Nc6 5. e5 d5 6. Bb5 Ne4 7.
Nxd4 Bc5 8. O-O O-O 9. Nxc6 bxc6 10. Bxc6 Ba6 11. Qxd5 Bxf1 12. Qxe4 Ba6 13. Nc3 Rb8 14.
a3 Qd4 15. Qxd4 Bxd4 16. Nd5 Bxe5 17. c3 Bb7 18. Bxb7 Rxb7 19. f4 Bd6 20. b4 Rd8 21. c4 c6 22. Ne3 Bxf4 23. Kf2 Re8 24. Nf5 Bxc1 25. Nd6 Bb2 26. Ra2 Bd4+ 27. Kf1 Rbb8 28. Nxe8 Rxe8 29. Rd2 c5 30. b5 Re3 31.
Ra2 Rc3 32. Ke2 Rxc4 33. a4 Rc1 34. Kd3 Bg1 35. h3 c4+ 36. Ke4 g6 37. Kd5 c3 38.
Kc4 c2 39. a5 Rd1 40. Rxc2 Rd8 41. Kb4 Bh2 42. b6 axb6 43. axb6 Kf8 44. Kb5 h5 45. Rc5 Bf4 46. g4 1-0

[Event "*** MasterClass Titled Tuesday Blitz"]
[Site "Chess.com"]
[Date "2017.11.07"]
[Round "4"]
[White "rubhani"]
[Black "Squirlolz"]
[Result "0-1"]
[WhiteElo "2268"]
[BlackElo "2430"]
[TimeControl "180+2"]
[EndTime "15:01:44 PST"]
[Termination "Squirlolz won by checkmate"]

1. e4 e6 2. d4 d5 3. Nd2 c5 4. exd5 Qxd5 5. Ngf3 cxd4 6. Bc4 Qd6 7. O-O Nf6 8. Nb3 Nc6 9. Nbxd4 Nxd4 10. Nxd4 a6 11. Re1 Qc7 12. Bf1 Be7 13. Qf3 O-O 14. c3 Bd7 15. Bf4 Bd6 16. Bxd6 Qxd6 17. Rad1 Qc7 18. g4 Rad8 19. Bg2 Nd5 20. Qg3 Nf4 21. Be4 e5 22. Nf5 Bxf5 23. Rxd8 Rxd8 24. Bxf5 g6 25. Be4 Rd2 26. b4 Ne2+ 27. Rxe2 Rxe2 28. Bd5 Rc2 29.
c4 Rxa2 30. Qh4 Rd2 31. Qf6 b5 32. h4 bxc4 33. h5 Rxd5 34. h6 Kf8 35. Qh8+ Ke7 36.
Qxh7 Rd1+ 37. Kh2 Qc6 38. Qg7 Rh1+ 39. Kg3 Rg1+ 40. Kh4 Qf6+ 41. Kh3 Qf3+ 42. Kh4 Rh1+ 43. Kg5 Qf4# 0-1

[Event "*** MasterClass Titled Tuesday Blitz"]
[Site "Chess.com"]
[Date "2017.11.07"]
[Round "4"]
[White "PrinceMurad09"]
[Black "Rhinos1"]
[Result "0-1"]
[WhiteElo "2248"]
[BlackElo "2027"]
[TimeControl "180+2"]
[EndTime "15:01:47 PST"]
[Termination "Rhinos1 won by checkmate"]

1. e4 e5 2. Nf3 Nc6 3. Bb5 a6 4. Ba4 d6 5. d4 b5 6. Bb3 exd4 7.
Nxd4 Nxd4 8. Qxd4 c5 9. Qd5 Be6 10. Qc6+ Bd7 11. Qd5 c4 12. O-O cxb3 13. axb3 Nf6 14.
Qd3 Be7 15. Nc3 O-O 16. Bf4 b4 17. Ne2 Bb5 18. Qe3 Nh5 19. Rfe1 Bxe2 20. Rxe2 Nxf4 21.
Qxf4 Bf6 22. Rd1 Be5 23. Qg4 Qf6 24. g3 Bxb2 25. f4 Rac8 26. Qd7 Bd4+ 27. Kg2 Bc5 28. Qb7 a5 29. Qa6 Ra8 30. Qc6 Rfc8 31. Qb5 h6 32. Rd5 Qc3 33. e5 dxe5 34. Rdxe5 Qd4 35.
Qb7 Qg1+ 36. Kh3 Qf1+ 37. Kg4 Rab8 38. Qd7 g6 39. Qd3 h5+ 40. Kg5 Qh3 41. Qf3 Kg7 42.
f5 f6+ 43. Kf4 Bd6 44. Ke4 Bxe5 45. Kd5 Rd8+ 46. Kc6 Qxf5 47. Qxf5 gxf5 48. Kc5 Rdc8+ 49. Kd5 Kf7 50. h3 Rb5# 0-1

[Event "*** MasterClass Titled Tuesday Blitz"]
[Site "Chess.com"]
[Date "2017.11.07"]
[Round "4"]
[White "GMHess"]
[Black "DanielNaroditsky"]
[Result "0-1"]
[WhiteElo "2574"]
[BlackElo "2738"]
[TimeControl "180+2"]
[EndTime "15:01:48 PST"]
[Termination "DanielNaroditsky won by resignation"]

1. d4 Nf6 2. c4 e6 3. Nc3 Bb4 4. Qc2 b6 5. a3 Bxc3+ 6. Qxc3 Bb7 7. Nf3 d6 8. Bf4 O-O 9. e3 Nbd7 10. Be2 Ne4 11. Qc2 f5 12. h4 Qf6 13.
Bd3 e5 14. Bh2 a5 15. O-O-O a4 16. Kb1 Ra5 17. c5 bxc5 18. dxe5 Nxe5 19. Nxe5 dxe5 20. f3 Nd6 21. Qc3 Raa8 22. Bxe5 Qf7 23. Qxc5 Bd5 24. Ka1 Qe6 25. Bc3 Bb3 26. Rd2 Rf7 27. Rc1 Re8 28. Bd4 h6 29. Bc2 Rb8 30. Bxb3 axb3 31. Kb1 Kh7 32.
Qe5 Qg6 33. Qf4 Qe6 34. Qe5 Qg6 35. Ka1 Rb5 36. Qf4 Qe6 37. Rc5 Rxc5 38. Bxc5 Nc4 39.
Rd1 Rd7 40. Rxd7 Qxd7 41. Bd4 c5 42. Kb1 cxd4 43. Qxd4 Qc6 44. Qc3 Nxa3+ 45. Kc1 Qxc3+ 46. bxc3 Nc4 47. e4 fxe4 48. fxe4 Kg6 0-1

[Event "*** MasterClass Titled Tuesday Blitz"]
[Site "Chess.com"]
[Date "2017.11.07"]
[Round "4"]
[White "Jospem"]
[Black "jncool68"]
[Result "0-1"]
[WhiteElo "2601"]
[BlackElo "2468"]
[TimeControl "180+2"]
[EndTime "15:01:48 PST"]
[Termination "jncool68 won by resignation"]

1. e4 c5 2. Nf3 d6 3. d4 cxd4 4. Nxd4 Nf6 5. Nc3 e6 6. g4 h6 7. h4 Nc6 8. Nb3 Be7 9. Rg1 d5 10. exd5 Nxd5 11. Nxd5 exd5 12. g5 hxg5 13. hxg5 Bf5 14.
c3 Qd6 15. Be3 O-O-O 16. Qf3 Be4 17. Qg4+ Qe6 18. Be2 Kb8 19. O-O-O Bf5 20. Qa4 Bg6 21. Nd4 Nxd4 22. Qxd4 b6 23. Bf3 Bc5 24. Bf4+ Kc8 25.
Qa4 Kb7 26. Qb3 Qf5 27. Bxd5+ Kc8 28. Qa4 Qb1+ 29. Kd2 Rxd5+ 30. Ke2 Qe4+ 31. Qxe4 Bxe4 32. Be3 Bxe3 33. Kxe3 Rxd1 34. Rxd1 Bf5 35. c4 Re8+ 36.
Kf4 Bg6 37. f3 Re2 38. c5 bxc5 39. Rd5 Rc2 40. a3 Kc7 41. b4 c4 42. Rc5+ Kd6 43.
Ke3 Bd3 44. Ra5 Bg6 45. Rxa7 Rc1 46. Ra6+ Kc7 47. Ra5 c3 48. Rc5+ Kd6 49. f4 c2 50.
f5 Bxf5 0-1

[Event "*** MasterClass Titled Tuesday Blitz"]
[Site "Chess.com"]
[Date "2017.11.07"]
[Round "4"]
[White "gpeloui"]
[Black "Ilja_Semjonovs"]
[Result "1-0"]
[WhiteElo "2269"]
[BlackElo "2365"]
[TimeControl "180+2"]
[EndTime "15:01:50 PST"]
[Termination "gpeloui won by resignation"]

1. e4 e5 2. Nf3 Nc6 3. Bb5 a6 4. Bxc6 dxc6 5. d3 Bd6 6. Nbd2 Nf6 7. h3 h6 8. Nc4 Qe7 9. O-O O-O 10. Ne3 Be6 11. Nh4 Nxe4 12. Nhf5 Qf6 13. dxe4 Rad8 14. Ng4 Qg6 15. Nh4 Qxe4 16. Qf3 Qxc2 17. Re1 f6 18.
Ne3 Qh7 19. Nef5 Bxf5 20. Nxf5 Bc5 21. h4 h5 22. Be3 Bxe3 23. Rxe3 g6 24. Ng3 Rd6 25.
Ne4 Re6 26. Nc5 Rd6 27. Nxb7 Rd4 28. Qxc6 Qe7 29. Rg3 Kh7 30. Qc2 f5 31. Rc1 Kh6 32. Na5 Qxh4 33. Qxc7 Qd8 34. Qc6 Rf6 35. Qc3 Rf4 36. Nc6 Qb6 37. Rc2 Rxf2 38. Rxf2 Rxc6 39. Qe3+ Qxe3 40. Rxe3 Rc1+ 41. Kh2 Rc4 42. Rxe5 Rh4+ 43. Kg1 Ra4 44. a3 1-0

[Event "*** MasterClass Titled Tuesday Blitz"]
[Site "Chess.com"]
[Date "2017.11.07"]
[Round "4"]
[White "Aygehovit1992"]
[Black "Divertissement"]
[Result "1-0"]
[WhiteElo "2517"]
[BlackElo "2401"]
[TimeControl "180+2"]
[EndTime "15:01:50 PST"]
[Termination "Aygehovit1992 won by resignation"]

1. e4 c5 2. Nf3 e6 3. d4 cxd4 4. Nxd4 Nc6 5. Nc3 a6 6. Be3 Nf6 7. Qf3 Bb4 8. Bd3 d5 9. exd5 Nxd5 10. Nxc6 bxc6 11. O-O O-O 12. Ne4 Be7 13. Rad1 Qc7 14. a3 e5 15. c4 Nf6 16. Rfe1 Be6 17. Nxf6+ Bxf6 18. b4 Be7 19. g4 Rad8 20. h3 f6 21. Qg3 Rxd3 22. Rxd3 Bxc4 23. Rc3 Bd5 24. Rd1 Qd7 25.
Bc5 Bxc5 26. Rxc5 f5 27. gxf5 Qxf5 28. Re1 Rf6 29. Rxd5 cxd5 30. Rxe5 Qb1+ 31. Kh2 Rg6 32. Rg5 Rxg5 33. Qxg5 Qe4 34. Qe3 Qxe3 35. fxe3 Kf7 36.
a4 Ke7 37. Kg3 Kd6 38. Kf4 Kc6 39. Ke5 h6 40. Kf5 d4 41. exd4 Kd5 42. b5 1-0

[Event "*** MasterClass Titled Tuesday Blitz"]
[Site "Chess.com"]
[Date "2017.11.07"]
[Round "4"]
[White "kikydu96"]
[Black "AllStarShark"]
[Result "1-0"]
[WhiteElo "2395"]
[BlackElo "2282"]
[TimeControl "180+2"]
[EndTime "15:02:07 PST"]
[Termination "kikydu96 won on time"]

1. e4 c5 2. Nf3 g6 3. c3 Bg7 4. d4 cxd4 5. cxd4 d5 6. e5 Bg4 7. Nc3 e6 8. h3 Bxf3 9. Qxf3 Ne7 10. Bg5 O-O 11. Bd3 Nbc6 12. Ne2 Qa5+ 13. Bd2 Qb6 14. Bc3 f6 15. exf6 Bxf6 16. Qe3 Rae8 17. Qxe6+ Kg7 18. Qg4 h5 19. Qg3 Nxd4 20. O-O Nef5 21.
Bxd4 Nxg3 22. Bxb6 Nxe2+ 23. Bxe2 axb6 24. Bf3 Bxb2 25. Rab1 Bd4 26. Rfd1 Rf4 27. Rd3 Ra8 28. a3 Bc5 29.
Rbb3 Rfa4 30. Rxd5 Rxa3 31. Rd7+ Kf6 32. Rb2 Ra2 33.
Rbd2 Rxd2 34. Rxd2 Ra4 35. Bxb7 Rd4 36. Rc2 Rd7 37.
Bf3 Rd4 38. Kf1 Ke5 39. Re2+ Kf6 40. Re8 Rd2 41. Be2 Rb2 42. g3 Rb1+ 43. Kg2 Rb2 44. h4 Kf7 45. Re4 Kf6 46. Rf4+ Ke6 47. Bd3 g5 48.
hxg5 b5 49. g6 1-0

[Event "*** MasterClass Titled Tuesday Blitz"]
[Site "Chess.com"]
[Date "2017.11.07"]
[Round "4"]
[White "VladimirBelous"]
[Black "Buffy7"]
[Result "0-1"]
[WhiteElo "2659"]
[BlackElo "2494"]
[TimeControl "180+2"]
[EndTime "15:02:08 PST"]
[Termination "Buffy7 won by resignation"]

1. Nf3 Nf6 2. c4 g6 3. Nc3 d5 4. cxd5 Nxd5 5. Qa4+ Bd7 6. Qd4 Nf6 7. e4 Nc6 8. Qa4 Ne5 9. Qb3 Nxf3+ 10. gxf3 Bg7 11. Qxb7 O-O 12. d4 a5 13. Qb3 a4 14. Qd1 Qb8 15.
a3 Qb6 16. Bc4 e6 17. O-O Nh5 18. Be3 Qxb2 19. Qd3 Qb6 20. Rab1 Qd6 21. Nb5 Qe7 22. e5 Bc6 23. Bd2 Rad8 24. Qe3 Qh4 25. Qg5 Qh3 26. Qg4 Qxf3 27. Qxf3 Bxf3 28. Bb4 Rfe8 29. Bc5 Bf8 30. Bxf8 Rxf8 31. Rfe1 Rd7 32. Rb4 Rfd8 33.
Be2 Bxe2 34. Rxe2 Nf4 35. Rc2 Rb8 36. Kf1 Rb6 37. f3 Rd5 38. Rc5 Rb7 39. h4 Kg7 40. Rxd5 Nxd5 41. Rb1 c6 42. Nc3 Rxb1+ 43. Nxb1 Kh6 44.
Nd2 g5 45. hxg5+ Kxg5 46. Kf2 Kf4 47. Nc4 h5 48. Nb2 Nc3 49. Nd3+ Kf5 50. Kg3 Nb5 51. Nc5 Nxa3 52. Nxa4 Nb5 53. Nc5 Nxd4 54. Nd7 h4+ 55. Kxh4 Nxf3+ 0-1

[Event "*** MasterClass Titled Tuesday Blitz"]
[Site "Chess.com"]
[Date "2017.11.07"]
[Round "4"]
[White "Vrolijk"]
[Black "Genghis_K"]
[Result "1-0"]
[WhiteElo "2504"]
[BlackElo "2635"]
[TimeControl "180+2"]
[EndTime "15:02:12 PST"]
[Termination "Vrolijk won by resignation"]

1. d4 d5 2. c4 e6 3. Nf3 Nf6 4.
g3 dxc4 5. Bg2 Nc6 6. O-O Rb8 7. e3 Be7 8. Nfd2 Na5 9. Qa4+ c6 10.
b4 cxb3 11. axb3 b6 12. b4 Nb7 13. Bxc6+ Bd7 14. b5 Na5 15. Nc4 Nxc4 16. Qxc4 Rc8 17. Rxa7 Bxc6 18. bxc6 Qd5 19. Qxd5 Nxd5 20. Ba3 Rxc6 21.
e4 Nc7 22. d5 exd5 23. exd5 Nxd5 24. Bxe7 Nxe7 25. Re1 O-O 26. Raxe7 g6 27. Nd2 b5 28.
Rb7 Rd8 29. Nf3 Rf6 30. Kg2 Rd3 31. Re3 Rxe3 32. fxe3 Rf5 33. Nd4 Re5 34. Kf3 Kg7 35. Rxb5 Re8 36. Rb7 Ra8 37. Nb5 Ra6 38. Rd7 Rf6+ 39.
Ke2 Rb6 40. Nd6 Kf6 41. Ne4+ Ke6 42. Nc5+ Kf6 43. Kf3 Rb2 44. h4 h5 45. Ne4+ Kg7 46.
Ng5 Kh6 47. Rxf7 Rb7 48. Kf4 Rb4+ 49. Ne4 Ra4 50. Rf6 Rb4 51. Rd6 Ra4 52. Rd4 Ra1 53.
Ng5 Rf1+ 54. Ke5 Rf5+ 55. Ke6 Rf8 56. Rd7 Re8+ 57. Re7 Rh8 58. Nf7+ Kg7 59. Nxh8+ 1-0

[Event "*** MasterClass Titled Tuesday Blitz"]
[Site "Chess.com"]
[Date "2017.11.07"]
[Round "4"]
[White "Tobi-Wan-Kenobi"]
[Black "Koksik_13"]
[Result "1-0"]
[WhiteElo "2473"]
[BlackElo "2026"]
[TimeControl "180+2"]
[EndTime "15:02:12 PST"]
[Termination "Tobi-Wan-Kenobi won on time"]

1. d4 d5 2. c4 e6 3. Nf3 a6 4. cxd5 exd5 5. Nc3 c6 6. Bg5 Be7 7.
Bxe7 Qxe7 8. e3 Nf6 9. Be2 Nbd7 10. O-O O-O 11. Rb1 a5 12. a3 Re8 13. Re1 Nf8 14. b4 axb4 15. axb4 Bf5 16. Bd3 Bxd3 17. Qxd3 Ne4 18.
Nd2 Ng6 19. b5 Ra3 20. Ndxe4 dxe4 21. Qc4 Nh4 22. Ne2 Qf6 23. bxc6 bxc6 24. Ng3 g6 25.
Qc5 Ra2 26. Nxe4 Qe6 27. Ng3 Qf6 28. Re2 Rxe2 29. Nxe2 h5 30. Rc1 Rb8 31. Qxc6 Qxc6 32. Rxc6 Rb2 33. Kf1 Rb1+ 34. Rc1 Rb2 35. Rd1 Nf5 36.
g3 Nd6 37. Rc1 Ne4 38. f3 Nd2+ 39. Kf2 g5 40. d5 g4 41. d6 Rb7 42. Rd1 Nxf3 43.
d7 Rxd7 44. Rxd7 Nxh2 45. Nd4 h4 46. Kg2 h3+ 47. Kxh2 1-0

[Event "*** MasterClass Titled Tuesday Blitz"]
[Site "Chess.com"]
[Date "2017.11.07"]
[Round "4"]
[White "HarutyunianTigranK"]
[Black "bugsbunny444"]
[Result "1-0"]
[WhiteElo "2569"]
[BlackElo "2415"]
[TimeControl "180+2"]
[EndTime "15:02:17 PST"]
[Termination "HarutyunianTigranK won by resignation"]

1. c4 b6 2. Nc3 Bb7 3. Nf3 e6 4. e4 Nf6 5. e5 Ne4 6. d3 Nxc3 7. bxc3 d6 8. exd6 Bxd6 9. Be2 O-O 10. O-O c5 11. d4 Be7 12. Bf4 Bf6 13. Ne5 Nd7 14.
Ng4 Bg5 15. Bf3 Bxf3 16. Qxf3 Bxf4 17. Qxf4 cxd4 18. cxd4 Rc8 19. Rac1 Qc7 20. Qg5 Qd8 21. Qf4 Qh4 22. Rc3 e5 23. Qf5 h5 24. Nxe5 Qxd4 25. Rh3 Nxe5 26. Qxh5 f6 27. Rd1 Qg4 28. Qh7+ Kf7 29. Qc2 Rxc4 30. Qb1 Rfc8 31. Re1 Qf4 32. Qb3 Kf8 33. Rh8+ Ke7 34. Qa3+ Ke6 35. Qh3+ Qg4 36.
Qxg4+ Rxg4 37. Rxc8 Ra4 38. Rc2 Kf5 39. h3 g5 40. Kh2 b5 41. Rb1 a6 42. Rb3 Kf4 43. Rg3 b4 44. Rd2 a5 45. Rd4+ Kf5 46.
a3 Rxa3 47. Rxa3 bxa3 48. Ra4 Nc6 49. Rxa3 Ke4 50. Kg3 Kd4 51. Kg4 Kc4 52. Kf5 Kb4 53. Ra1 a4 54. Kxf6 a3 55. Kxg5 1-0

[Event "*** MasterClass Titled Tuesday Blitz"]
[Site "Chess.com"]
[Date "2017.11.07"]
[Round "4"]
[White "TijanaBlagojevic"]
[Black "Abdodi"]
[Result "1-0"]
[WhiteElo "2118"]
[BlackElo "2133"]
[TimeControl "180+2"]
[EndTime "15:02:20 PST"]
[Termination "TijanaBlagojevic won by resignation"]

1. e4 c6 2. d4 d5 3. e5 Bf5 4.
Nf3 e6 5. Be2 c5 6. O-O Nd7 7.
dxc5 Bxc5 8. a3 a6 9. b4 Ba7 10. c4 dxc4 11. Nbd2 c3 12. Nc4 Bb8 13. Bg5 f6 14.
exf6 Ngxf6 15. Qb3 O-O 16. Qxc3 Kh8 17. Qb3 b5 18.
Ne3 Qb6 19. Rfd1 Ba7 20. Rac1 h6 21. Bh4 Rac8 22. Bg3 Rxc1 23. Rxc1 Ne4 24. Bd3 Nxg3 25. hxg3 Rd8 26. Bxf5 exf5 27. Rd1 Nf6 28. Rxd8+ Qxd8 29. Nxf5 Qb6 30. Ne3 Ne4 31. Ne5 Qf6 32. N5g4 Qf8 33.
Qe6 Bxe3 34. Qxe4 Bg5 35. Qg6 Kg8 36. Ne5 Qf6 37. Qe8+ Kh7 38. Ng4 Qa1+ 39. Kh2 Qxa3 40. Qe4+ Kg8 41. f4 Bf6 42. Qe6+ Kh7 43. Nxf6+ gxf6 44.
Qf7+ Kh8 45. Qxf6+ Kh7 46. Qf7+ Kh8 47. Qe7 a5 48.
Qe5+ Kh7 49. bxa5 Qxa5 50. f5 Qd8 51. f6 Kg6 52. Qe4+ Kxf6 53. Qh4+ 1-0

[Event "*** MasterClass Titled Tuesday Blitz"]
[Site "Chess.com"]
[Date "2017.11.07"]
[Round "4"]
[White "Mistheoretical"]
[Black "Tibmat"]
[Result "1-0"]
[WhiteElo "2304"]
[BlackElo "2422"]
[TimeControl "180+2"]
[EndTime "15:02:23 PST"]
[Termination "Mistheoretical won by resignation"]

1. d4 Nf6 2. Bg5 d5 3. Bxf6 gxf6 4. e3 c5 5. c3 Nc6 6. g3 Qb6 7. Qb3 e6 8. Bg2 f5 9. Ne2 Bd7 10. O-O Rc8 11. Nd2 Qa6 12. Rfe1 Bd6 13. Rad1 Na5 14. Qc2 Bb5 15. Nf4 cxd4 16. exd4 Bxf4 17. gxf4 Qd6 18. Qxf5 Rg8 19. Qxh7 Ke7 20. Qh4+ Kd7 21. Nf3 Kc7 22. Kh1 Rcf8 23. Ng5 Bd7 24. Bh3 Nc6 25. Re3 Rh8 26. Qg3 Rfg8 27. Qf3 Nd8 28. Rde1 Rh4 29. Re5 f6 30.
Nxe6+ Bxe6 31. Bxe6 Rgh8 32. Rxd5 Rxh2+ 33. Kg1 Qf8 34. Rd7+ Kb8 35. Kf1 Qe8 36. f5 Qh5 37. Qxh5 R2xh5 38. d5 b6 39. Re3 Nb7 40. b4 Rh1+ 41. Ke2 Ra1 42. d6 Rc1 43. Rd3 Rd8 44. Rxd8+ Nxd8 45. Kd2 Nc6 46. Rh3 Rf1 47. Rh8+ Kb7 48. Bc8+ Kb8 49.
Ba6+ 1-0

[Event "*** MasterClass Titled Tuesday Blitz"]
[Site "Chess.com"]
[Date "2017.11.07"]
[Round "4"]
[White "Hanging_pointer"]
[Black "thegreendog"]
[Result "1-0"]
[WhiteElo "2326"]
[BlackElo "2343"]
[TimeControl "180+2"]
[EndTime "15:02:42 PST"]
[Termination "Hanging_pointer won by resignation"]

1. e4 c5 2. Nf3 d6 3. d4 cxd4 4.
Nxd4 Nf6 5. Nc3 g6 6. Be3 Nc6 7. f3 Bg7 8. Qd2 O-O 9. O-O-O d5 10. exd5 Nxd5 11. Nxc6 bxc6 12. Bd4 Nxc3 13. Qxc3 Bh6+ 14. Be3 Bxe3+ 15. Qxe3 Qb6 16. Qxe7 Be6 17. Qa3 Rfd8 18. Bd3 Qe3+ 19. Kb1 Rd5 20. Rhe1 Qb6 21. b3 Rad8 22.
Qc1 a5 23. Be4 Rd4 24. Rxd4 Rxd4 25. Qe3 c5 26. h4 a4 27. h5 Qd6 28. hxg6 a3 29.
gxh7+ Kh8 30. c3 Rd1+ 31. Kc2 Rxe1 32. Qxe1 f5 33. Bd3 Kxh7 34. g4 Kg7 35. gxf5 Qh2+ 36. Qd2 Qxd2+ 37. Kxd2 Bxb3 38. Bb1 Bd5 39. Ke3 Kf6 40. f4 Bc4 41. Ke4 Bf7 42. Kd3 Kxf5 43. c4 Kxf4 44. Kc3 Ke3 45. Bf5 Ke2 46. Be4 Ke3 47. Bd5 Bg6 48. Kb3 Kd3 49. Kxa3 Kc3 50. Ka4 Bb1 51. a3 Ba2 52. Kb5 Kb3 53. a4 Ka3 54. a5 Bb3 55. a6 Ba4+ 56. Kb6 Kb4 57. a7 1-0

[Event "*** MasterClass Titled Tuesday Blitz"]
[Site "Chess.com"]
[Date "2017.11.07"]
[Round "4"]
[White "MateusViageiro"]
[Black "cheese111"]
[Result "0-1"]
[WhiteElo "2261"]
[BlackElo "2413"]
[TimeControl "180+2"]
[EndTime "15:02:44 PST"]
[Termination "cheese111 won by resignation"]

1. e4 d5 2. exd5 Nf6 3. Bb5+ Bd7 4. Bc4 Bg4 5. f3 Bf5 6. Nc3 Nbd7 7. d4 Nb6 8. Bb5+ Bd7 9. Bd3 Nfxd5 10. Nxd5 Nxd5 11.
Ne2 e6 12. O-O Bd6 13. c4 Nf6 14. Qc2 c6 15. Ng3 Qc7 16. Qf2 h5 17. f4 O-O-O 18. Ne4 Nxe4 19. Bxe4 h4 20. c5 Be7 21. b4 Rdg8 22. a4 f5 23. Bf3 g5 24. fxg5 Bxg5 25. b5 h3 26. Bxg5 Rxg5 27. g3 f4 28. g4 e5 29.
bxc6 bxc6 30. dxe5 Bxg4 31. Kh1 Bxf3+ 32. Qxf3 Rxe5 33.
Qxf4 Rxc5 34. Qg4+ Qd7 35. Qxd7+ Kxd7 36. Rf7+ Ke6 37. Rxa7 Rc2 38. a5 Rd8 39. Rh7 Rd3 40. a6 Rcd2 41. Re1+ Kd6 42. a7 Rd1 43. Re7 Rxe1+ 44.
Rxe1 Ra3 45. Kg1 Rxa7 46. Re3 Rh7 47. Kf2 c5 48. Kg3 c4 49. Re8 Kc5 50. Re3 Kb4 51. Kg4 c3 52. Rxh3 Rxh3 53. Kxh3 c2 54. Kg4 c1=Q 55.
h4 Qh6 56. h5 Kc5 0-1

[Event "*** MasterClass Titled Tuesday Blitz"]
[Site "Chess.com"]
[Date "2017.11.07"]
[Round "4"]
[White "Zufi1811"]
[Black "IamSchrodingersCat"]
[Result "0-1"]
[WhiteElo "2425"]
[BlackElo "2436"]
[TimeControl "180+2"]
[EndTime "15:02:47 PST"]
[Termination "IamSchrodingersCat won by resignation"]

1. e4 c5 2. Nf3 d6 3. d4 cxd4 4. Nxd4 Nf6 5. Nc3 g6 6. Be3 Bg7 7. f3 O-O 8. Qd2 Nc6 9. O-O-O d5 10. exd5 Nxd5 11. Nxc6 bxc6 12. Bd4 Bxd4 13. Qxd4 Qb6 14.
Na4 Qa5 15. b3 Qc7 16. Bc4 Rd8 17. h4 Be6 18. Nc5 Nf4 19. Nxe6 Nxe6 20. Qe3 Qf4 21.
Qxf4 Nxf4 22. g3 Nd5 23. Rd3 Nb6 24. Ba6 Rxd3 25. Bxd3 e5 26. Be4 Rc8 27. Rd1 f5 28. Bd3 Kf7 29. Ba6 Re8 30. a4 Ke7 31. a5 Nd7 32. Bb7 Nb8 33. b4 Rd8 34. Re1 Rd7 35. a6 Kf6 36. Re3 Rd6 37. Kb2 h6 38. Kb3 g5 39.
hxg5+ hxg5 40. g4 Rd1 41. Rc3 Rd6 42. Rc5 f4 43. Rc3 Ke6 44. b5 cxb5 45. Rc8 Nxa6 46. Be4 Kd7 47. Rg8 Nc5+ 48. Kb4 Nxe4 49. fxe4 Rf6 50.
Rxg5 f3 51. Rh5 f2 52. g5 Rf4 53. Rh1 f1=Q 54. Rxf1 Rxf1 55. Kxb5 Rg1 56. Kc5 Rxg5 57. Kd5 a5 58. c4 a4 59. c5 a3 0-1

[Event "*** MasterClass Titled Tuesday Blitz"]
[Site "Chess.com"]
[Date "2017.11.07"]
[Round "4"]
[White "Ar4uha"]
[Black "StoreySniper"]
[Result "1-0"]
[WhiteElo "2429"]
[BlackElo "2286"]
[TimeControl "180+2"]
[EndTime "15:02:53 PST"]
[Termination "Ar4uha won by resignation"]

1. e4 g6 2. d4 Bg7 3. Nc3 c5 4. dxc5 Bxc3+ 5. bxc3 Nf6 6. e5 Ne4 7. Qd4 Qa5 8. Bd2 Nxc5 9. Nf3 Nc6 10. Qh4 Ne6 11. Qe4 b6 12. Bc4 Bb7 13. O-O Qa4 14. Qd3 Rd8 15. Bd5 Qg4 16. h3 Qh5 17. c4 g5 18. Qf5 Ncd4 19. Nxd4 Nxd4 20. Qe4 Nc6 21. f4 e6 22. fxg5 exd5 23. cxd5 Ne7 24. c4 b5 25. Bb4 Qxg5 26. Rf6 bxc4 27. Bxe7 Kxe7 28. Raf1 Rdf8 29. Qxc4 Qxe5 30. Qb4+ Kd8 31. Qxb7 Qc7 32. Qb4 Rhg8 33. Rxf7 Rxf7 34. Rxf7 Qg3 35. Rf8+ Rxf8 36. Qxf8+ Kc7 37.
Qc5+ Kb7 38. d6 Qe1+ 39. Kh2 Qe6 40. a4 a5 41. Qb5+ Kc8 42. Qa6+ Kb8 43. Qb6+ Ka8 44. Qxa5+ Kb7 45. Qb4+ Ka7 46. Qc5+ Ka8 47. a5 h5 48.
a6 Qb3 49. h4 Qb6 50. Qc8+ Ka7 51. Qb7+ Qxb7 52. axb7 Kxb7 53. g4 Kc6 54. gxh5 Kxd6 55. h6 Ke6 56. h7 Kf7 57. h8=Q 1-0